 Dungeon Crawl Stone Soup version 0.21-a0-215-g0631661 (webtiles) character file.

95 Gorglomux the Skirmisher (level 4, -1/42 HPs)
             Began as a Hill Orc Conjurer on Aug 22, 2017.
             Slain by a gnoll
             ... wielding a +0 club
              (6 damage)
             ... on level 2 of the Dungeon.
             The game lasted 00:06:26 (2360 turns).

Gorglomux the Skirmisher (Hill Orc Conjurer)        Turns: 2360, Time: 00:06:27

Health: -1/42      AC:  3    Str: 11    XL:     4   Next: 65%
Magic:  1/6        EV: 12    Int: 15    God:
Gold:   110        SH:  0    Dex: 11    Spells: 5/6 levels left

rFire    . . .     SeeInvis .   i - +0 short sword
rCold    . . .     Gourm    .   (no shield)
rNeg     . . .     Faith    .   a - +0 robe
rPois    .         Spirit   .   (no helmet)
rElec    .         Reflect  .   h - +0 cloak (curse)
rCorr    .         Harm     .   (no gloves)
MR       .....                  (no boots)
Stlth    ++........             (no amulet)
HPRegen  0.14/turn              (no ring)
MPRegen  0.10/turn              (no ring)

@: no status effects
A: no striking features
a: no special abilities


You were on level 2 of the Dungeon.
You were hungry.

You visited 1 branch of the dungeon, and saw 3 of its levels.

You collected 110 gold pieces.

Inventory:

Hand Weapons
 i - a +0 short sword (weapon)
Armour
 a - a +0 robe (worn)
 h - a cursed +0 cloak (worn)
Jewellery
 l - an uncursed ring of protection from magic {unknown}
Scrolls
 d - a scroll of blinking {unknown}
 e - 2 scrolls of amnesia {unknown}
 g - a scroll of fog {unknown}
 m - 3 scrolls of remove curse {unknown}
 o - 2 scrolls of identify {unknown}
 p - a scroll of noise {unknown}
 s - a scroll of fear {unknown}
 t - a scroll of recharging {unknown}
Potions
 n - 2 potions of flight {unknown}
 r - a potion of heal wounds {unknown}
Books
 b - a book of Conjurations

   Spells                             Type                      Level
   a - Magic Dart                     Conjuration                  1
   b - Searing Ray                    Conjuration                  2
   c - Dazzling Spray                 Conjuration/Hexes            3
   d - Fulminant Prism                Conjuration/Hexes            4
   e - Force Lance                    Conjuration/Translocation    4
   f - Iskenderun's Mystic Blast      Conjuration                  4
Comestibles
 c - 3 bread rations
 k - 8 fruits
 q - 2 royal jellies
 u - 4 chunks of flesh


   Skills:
 + Level 5.0 Fighting
 - Level 1.5 Dodging
 - Level 1.5 Stealth
 - Level 1.5 Spellcasting
 - Level 4.0 Conjurations


You had 5 spell levels left.
You knew the following spells:

 Your Spells              Type           Power        Failure   Level  Hunger
a - Magic Dart            Conj           ##..         4%          1    ##.....


Dungeon Overview and Level Annotations

Branches:
Dungeon (3/15)

Altars:
Nemelex Xobeh


Message History

You perforate the gnoll but do no damage!
The gnoll butts almost dead!
The rat bites you! The gnoll hits you with a club!
The rat bites you but does no damage!
You are feeling hungry!
You closely miss the gnoll!
The gnoll is almost dead!
The gnoll hits you with a club! * * * don't die
* * * The rat closely misses you!
You spit the gnoll but do no damage!
The gnoll is almost dead!
The gnoll hits you with a club! * * * don't die
* * * The rat bites you! * * * don't die
* * * The rat barely misses you!
The rat barely misses you! The gnoll hits you with a club! rip

# #.....##.#..###.####.#...#.# #
#####.##........# #.#..<#.# #
#.####...#######.#...#.# #
#.#####........#.#...#.#
##########........#####.#.##.##.#
..<...........###.#####.#.......#
######..#...#.# #...............#
#....#.#.###..#.#..##.####.#
##.#.....(.@..#.#..##.###...
#.#####.###g...............
#.#####.# ##r#.#.###...#..#
#.......# #..............#
######### #......###....##
#.#>##.# #..#### #.#..#.# #..####
#.##.#.###...... #.##.#.##.....##


You could see a gnoll and a rat.

Vanquished Creatures
  A jelly (D:3)
  2 adders
  A shadow imp (D:3)
  2 dart slugs
  A leopard gecko (D:3)
  5 goblins
  7 hobgoblins
  8 bats
  A frilled lizard (D:2)
  5 kobolds
  5 rats
38 creatures vanquished.

Notes
Turn   | Place    | Note
-------+----------+-------------------------------------------
     0 | D:1      | Gorglomux the Hill Orc Conjurer began the quest for the Orb.
     0 | D:1      | Reached XP level 1. HP: 14/14 MP: 3/3
    97 | D:1      | Reached skill level 1 in Fighting
   252 | D:1      | Reached skill level 2 in Fighting
   252 | D:1      | Reached XP level 2. HP: 23/24 MP: 0/4
  1076 | D:2      | Reached skill level 3 in Fighting
  1076 | D:2      | Reached XP level 3. HP: 9/31 MP: 0/5
  1114 | D:2      | HP: 1/31 [hobgoblin (2)]
  1512 | D:2      | Found a sparkling altar of Nemelex Xobeh.
  1987 | D:3      | Reached skill level 4 in Fighting
  1987 | D:3      | Reached XP level 4. HP: 39/41 MP: 1/6
  2339 | D:3      | Reached skill level 5 in Fighting
  2360 | D:2      | Slain by a gnoll

Vault maps used:
D:1:      matt_arrival_refuge, minivault_11, nrook_mini_backslash
D:2:      first_bread, lemuel_tele_altar

Skill      XL: |  1  2  3  4 |
---------------+-------------+-----
Fighting       | 2 3 4 5 |  5.0
Dodging        | |  1.5
Stealth        | |  1.5
Spellcasting   | |  1.5
Conjurations   | |  4.0

Action                   |  1- 3 |  4- 6 || total
-------------------------+-------+-------++-------
Melee: Unarmed           |    12 |       ||    12
       Short sword       |    24 |    29 ||    53
 Cast: Magic Dart        |    55 |    20 ||    75
  Use: Potion            |     1 |       ||     1
  Eat: Chunk             |     5 |     1 ||     6
Armor: Robe              |     1 |     8 ||     9
Dodge: Dodged            |    46 |    26 ||    72

Table legend:
 A = Spawn XP
 B = Non-spawn XP
 C = Spawn XP percentage of total XP
 D = Spawn monster count
 E = Non-spawn monster count
 F = Spawn count percentage of total count
 G = Total turns spent on level
                    A         B        C        D         E        F      G
               +---------+---------+-------+---------+---------+-------+---------
         Total |      13 |     123 |   9.6 |       8 |      30 |  21.1 |  2360
               +---------+---------+-------+---------+---------+-------+---------
           D:1 |       5 |      25 |  16.7 |       4 |      16 |  20.0 |  1025
           D:2 |       8 |      19 |  29.6 |       4 |       4 |  50.0 |  1127
           D:3 |       0 |      79 |   0.0 |       0 |      10 |   0.0 |   208
               +---------+---------+-------+---------+---------+-------+---------
